 Dungeon Crawl Stone Soup version 0.30.1-11-g7821555f0a (webtiles) character file.

Game seed: 467533153574644559

74 andronian the Poker (level 4, -3/37 HPs)
             Began as a Merfolk Fighter on Nov 29, 2023.
             Slain by a sleepcap (17 damage)
             ... on level 3 of the Dungeon.
             The game lasted 00:02:47 (1388 turns).

andronian the Poker (Merfolk Fighter)               Turns: 1388, Time: 00:02:47

Health: -3/37      AC: 11    Str: 18    XL:     4   Next: 30%
Magic:  4/4        EV:  2    Int:  7    God:
Gold:   143        SH:  0    Dex: 13    Spells: 3/3 levels left

rFire   . . .        a - +0 trident
rCold   . . .        c - +0 buckler
rNeg    . . .        f - +0 plate armour
rPois   .            (no helmet)
rElec   .            (no cloak)
rCorr   .            (no gloves)
SInv    .            (no boots)
Will    .....        (no amulet) Stlth
                     (no ring)
HPRegen 0.26/turn    (no ring)
MPRegen 0.09/turn

%: no passive effects
@: sleeping
A: (nimble swimmer 2), mertail
a: no special abilities


You were on level 3 of the Dungeon.
You visited 1 branch of the dungeon, and saw 3 of its levels.

You collected 143 gold pieces.

Inventory:

Hand Weapons
 a - a +0 trident (weapon)
Armour
 b - a +0 scale mail
 c - a +0 buckler (worn)
 f - a +0 plate armour (worn)
Scrolls
 e - a scroll of fear {unknown}
 h - 2 scrolls of identify {unknown}
 j - a scroll of poison {unknown}
 l - 2 scrolls of magic mapping {unknown}
 m - a scroll of vulnerability {unknown}
Potions
 d - 2 potions of might
 g - 2 potions of curing {unknown}
 i - a potion of brilliance {unknown}
 k - a potion of ambrosia {unknown}


   Skills:
 + Level 3.9 Fighting
 * Level 4.6 Polearms
 + Level 2.6 Armour
 - Level 3.0 Shields


You had 3 spell levels left.
You didn't know any spells.
Your spell library was empty.

Dungeon Overview and Level Annotations

Branches:
Dungeon (3/15)

Altars:
Makhleb
Trog

Shops:
D:1 !


Innate Abilities, Weirdness & Mutations

((You are very nimble when in or above water. (Stealth+, EV+, Speed+++)))
Your lower body shifts to a powerful aquatic tail in water.


Message History

Reach: a) +0 trident
Press: ? - help, Dir - move target, f - hound
Aim: a hound (lightly wounded, about 52% to evade your +0 trident)
You closely miss the hound.
The hound is lightly wounded.
The hound closely misses you. The hound bites you but does no damage.
Reach: a) +0 trident
Press: ? - help, Dir - move target, f/p - hound
Aim: a hound (lightly wounded, about 52% to evade your +0 trident)
You hit the hound.
The hound is heavily wounded.
The hound barely misses you.
Reach: a) +0 trident
Press: ? - help, Dir - move target, f/p - hound
Aim: a hound (heavily wounded, about 52% to evade your +0 trident)
You miss the hound.
The hound is heavily wounded.
The hound completely misses you. The hound bites you.
Reach: a) +0 trident
Press: ? - help, Dir - move target, f/p - hound
Aim: a hound (heavily wounded, about 52% to evade your +0 trident)
You puncture the hound!
You kill the hound!
You have reached level 4!
Reach: a) +0 trident
Press: ? - help, Dir - move target, f - sleepcap
Aim: a sleepcap (lightly damaged, about 2% to evade your +0 trident)
You hit the sleepcap but do no damage.
The sleepcap is lightly damaged.
The sleepcap releases spores at you.
Reach: a) +0 trident
Press: ? - help, Dir - move target, f/p - sleepcap
Aim: a sleepcap (lightly damaged, about 2% to evade your +0 trident)
You hit the sleepcap.
The sleepcap is lightly damaged.
The sleepcap releases spores at you.
You are engulfed in a cloud of soporific spores!
You fall asleep.
The sleepcap releases spores at you!
You die...

#...)# #.##.#
#.##.# #.##.#
#.##.########
#<##.........
#####.######.
#.# #@# ♣♣
#f# ♣♣♣..♣#.#
♣......$#
.........#
♣♣.......#
♣♣♣..♣### ♣♣♣


You could see a sleepcap.

Vanquished Creatures
  A hound (D:3)
  2 adders (D:2)
  4 ball pythons
  2 bats
  4 endoplasms (D:1)
  A goblin (D:1)
  2 hobgoblins (D:1)
  3 kobolds
  2 quokkas (D:1)
  A frilled lizard (D:1)
  4 rats (D:1)
26 creatures vanquished.

Notes
Turn   | Place    | Note
-------+----------+-------------------------------------------
     0 | D:1      | andronian the Merfolk Fighter began the quest for the Orb.
     0 | D:1      | Reached XP level 1. HP: 18/18 MP: 1/1
    47 | D:1      | Found Heajebon's Distillery.
    82 | D:1      | Reached skill level 3 in Polearms
   140 | D:1      | Reached XP level 2. HP: 24/24 MP: 2/2
   522 | D:1      | Found a burning altar of Makhleb.
   610 | D:2      | Reached XP level 3. HP: 27/29 MP: 3/3
   807 | D:2      | Found a bloodstained altar of Trog.
   818 | D:2      | Reached skill level 4 in Polearms
  1052 | D:2      | Found a faded altar of an unknown god.
  1386 | D:3      | Reached XP level 4. HP: 20/37 MP: 4/4
  1388 | D:3      | Slain by a sleepcap

Illustrated notes

Levels and vault maps discovered:
D:1:      dpeg_arrival_lava_altar, layout_rooms, serial_shops,
          nicolae_shop_peninsula
D:2:      layout_loops_ring, basic_altar, serial_forest,
          infiniplex_forest_end_1, infiniplex_forest_clump_double,
          infiniplex_forest_clump_tiny, infiniplex_forest_lined_1,
          infiniplex_forest_clump_curved, infiniplex_forest_end_1,
          infiniplex_forest_zigzag_1, infiniplex_forest_lined_3,
          infiniplex_forest_corner_2, hellmonk_ecumenical_altar_run_dry
D:3:      layout_basic, chequers_jeans, hellmonk_no_cap, uniq_terence,
          uniq_sigmund

Skill      XL: |  1  2  3 |
---------------+----------+-----
Polearms       | 3 4 |  4.6
Fighting       | |  3.9
Armour         | |  2.6
Shields        | |  3.0

Action                     |  1- 3 |  4- 6 || total
---------------------------+-------+-------++-------
  Melee: Trident           |   121 |     2 ||   123
 Armour: Plate armour      |    72 |       ||    72
  Dodge: Dodged            |    24 |       ||    24
  Block: Buckler           |    23 |       ||    23
